 Dungeon Crawl Stone Soup version 0.17-a0-1787-g4aeb8be (webtiles) character file.

20 Oddball22 the Grave Robber (level 2, -1/19 HPs)
             Began as a Demonspawn Necromancer on Sept 9, 2015.
             Slain by a goblin
             ... wielding a +0 club
             ... led by Robin
              (4 damage)
             ... on level 1 of the Dungeon.
             The game lasted 00:02:22 (1263 turns).

Oddball22 the Grave Robber (Demonspawn Necromancer) Turns: 1263, Time: 00:02:22

Health: -1/19      AC:  2    Str:  8    XL:     2   Next: 58%
Magic:  4/5        EV: 12    Int: 16    God:
Gold:   109        SH:  0    Dex: 13    Spells: 2 memorised, 3 levels left

rFire  . . .     SeeInvis .     (no weapon)
rCold  + . .     Clarity  .     a - +0 robe
rNeg   . . .     SustAt   .     (no shield)
rPois  .         Gourm    .     (no helmet)
rElec  .         Spirit   .     (no cloak)
rCorr  .         Warding  .     (no gloves)
rMut   .         Stasis   .     (no boots)
MR     .....                    (no amulet)
Stlth  ++........               (no ring)
                                (no ring)

@: not resistant to hostile enchantments, unstealthy
A: cold resistance 1
a: no special abilities


You were on level 1 of the Dungeon.
You were not hungry.

You visited 1 branch of the dungeon, and saw 2 of its levels.

You collected 109 gold pieces.

Inventory:

Hand weapons
 n - a +0 long sword
Armour
 a - a +0 robe (worn)
Scrolls
 g - a scroll of identify {unknown}
 h - a scroll of enchant weapon {unknown}
 i - a scroll of immolation {unknown}
 k - a scroll of teleportation {unknown}
Potions
 e - a potion of brilliance {unknown}
 l - 2 potions of heal wounds {unknown}
 m - a potion of degeneration {unknown}
Books
 b - a book of Necromancy

   Spells                             Type                      Level
   a - Pain                           Necromancy                   1
   b - Animate Skeleton               Necromancy                   1
   c - Vampiric Draining              Necromancy                   3
   d - Regeneration                   Charms/Necromancy            3
   e - Animate Dead                   Necromancy                   4
   f - Control Undead                 Necromancy                   4
Comestibles
 c - 2 bread rations
 d - 2 beef jerkies
 f - a meat ration
 j - 9 chunks of flesh


   Skills:
 - Level 1.7 Dodging
 - Level 1.7 Stealth
 + Level 2.3 Spellcasting
 * Level 5.0 Necromancy


You had 3 spell levels left.
You knew the following spells:

 Your Spells              Type           Power        Failure   Level  Hunger
a - Pain                  Necr           ###.         2%          1    #......
b - Animate Skeleton      Necr           N/A          2%          1    #......


Dungeon Overview and Level Annotations

Branches:
Dungeon (2/15)

Altars:

Annotations:
D:2 Robin


Innate Abilities, Weirdness & Mutations

Your flesh is cold resistant.


Message History

The goblin shoots a stone.
The stone closely misses you.
The goblin shoots a stone.
The stone closely misses you.
There is an escape hatch in the ceiling here.
You see here a stone.
Casting: Pain
Confirm with . or Enter, or press ? or * to list all spells.
Okay, then.
Unknown command.
The goblin hits you with a club. x2
* * * LOW HITPOINT WARNING * * *
A mysterious force pulls you upwards. The hatch slams shut behind you.
Casting: Pain
Confirm with . or Enter, or press ? or * to list all spells.
Aiming: Pain
Press: ? - help, Shift-Dir - straight line, f - goblin
Aim: a goblin, wielding a club (chance to defeat MR: 93%)
The goblin convulses in agony!
You kill the goblin!
The goblin hits you with a club.
You die...

#################
#...)@g.........#
#.#############.#
####.##............#
##.......#.#######..#
########.....##...#
#..######
..........#####..####
#........ #.###.##.##
#.....# #...##### #.#
#.#..#
#.###.#####...####
#.# #.#.## #.#
#............##


You could see a goblin.

Vanquished Creatures
  2 ball pythons (D:2)
  A giant cockroach (D:1)
  5 goblins
  A hobgoblin (D:1)
  3 bats
  2 kobolds
  A quokka (D:2)
  6 rats
21 creatures vanquished.

Notes
Turn   | Place    | Note
--------------------------------------------------------------
     0 | D:1      | Oddball22 the Demonspawn Necromancer began the quest for the Orb.
     0 | D:1      | Reached XP level 1. HP: 13/13 MP: 3/3
   425 | D:1      | Gained mutation: Your flesh is cold resistant. [demonic ancestry]
   425 | D:1      | Reached XP level 2. HP: 17/19 MP: 1/5
   471 | D:1      | Learned a level 1 spell: Animate Skeleton
  1168 | D:2      | Reached skill level 5 in Necromancy
  1226 | D:2      | Noticed Robin
  1263 | D:1      | Slain by a goblin

Vault maps used:
D:1:      dpeg_arrival_arbitrary_a, hangedman_decor_push
D:2:      nicolae_tso_swordbearing_angel, lemuel_coloured_pillars_altar,
          ecumenical_altar_2, uniq_robin

Action                   || total
-------------------------++-------
 Cast: Pain              ||    30
  Eat: Chunk             ||     1
